AoeStats
← Lissman89

Arabia

504127067Analyzed
1v1 RM · 27d ago on Sep 4, 2026· 58m 47s· 2 players
Game mode
Random Map
Map size
Tiny (2 player)
Population
200
Speed
Normal
Resources
Standard
Victory
Conquest
Starting age
Dark Age
Ending age
Imperial Age
RankedLock teamsTeams togetherTeam positionsShared explorationLock speedFull tech treeHidden civsTurbo modeCheats
Victory
Defeat
🇦🇺 Magyars · Australia
562
+15
🇨🇦 Persians · Canada
551
-15
fofo
6:24 Loom
9:58 Feudal Age
10:28 Double-Bit Axe
10:25 Horse Collar
15:32 Wheelbarrow
17:47 Fletching
24:12 Castle Age
24:08 Pikeman
25:26 Bodkin Arrow
25:37 Scale Barding Armor
25:33 Padded Archer Armor
27:36 Bow Saw
29:02 Thumb Ring
28:18 Crossbowman
30:11 Hand Cart
32:39 Kamandaran
33:46 Bloodlines
33:37 Husbandry
33:10 Light Cavalry
33:57 Heavy Plow
35:50 Town Watch
39:56 Imperial Age
39:34 Cavalier
41:31 Two-Man Saw
41:03 Crop Rotation
43:05 Heavy Camel Rider
45:17 Town Patrol
45:34 Scale Barding Armor
45:39 Forging
45:32 Padded Archer Armor
45:51 Citadels
48:01 Savar
51:56 Leather Archer Armor
53:13 Halberdier
Lissman89
7:19 Loom
10:46 Feudal Age
14:51 Double-Bit Axe
15:28 Horse Collar
22:01 Castle Age
20:42 Gold Mining
21:56 Scale Barding Armor
23:40 Light Cavalry
24:31 Bloodlines
26:22 Wheelbarrow
25:40 Fletching
25:52 Padded Archer Armor
27:32 Husbandry
29:18 Bow Saw
30:47 Gold Shaft Mining
32:02 Heavy Plow
33:51 Leather Archer Armor
34:13 Corvinian Army
33:45 Elite Skirmisher
34:45 Stone Mining
36:01 Thumb Ring
36:46 Fervor
39:03 Ballistics
38:40 Murder Holes
42:51 Imperial Age
40:10 Town Watch
40:40 Hand Cart
41:31 Chain Barding Armor
41:07 Bodkin Arrow
43:07 Treadmill Crane
43:38 Masonry
43:20 Capped Ram
45:36 Two-Man Saw
45:09 Crop Rotation
45:17 Parthian Tactics
46:12 Chemistry
46:35 Recurve Bow
47:02 Conscription
46:24 Elite Magyar Huszar
48:27 Plate Barding Armor
50:06 Hoardings
50:12 Hoardings
51:52 Heavy Cavalry Archer
52:34 Bracer
53:05 Ring Archer Armor
52:39 Town Patrol
Connection lost

Rejoining the realm…

Still unreachable

The connection could not be restored.

Session expired

The server has moved on; the page needs a fresh start.